 Dungeon Crawl Stone Soup version 0.22.1-1-ga44c0e56f4 (webtiles) character file.

8526 Americanboy the Geomancer (level 11, -1/62 HPs)
             Began as a Gargoyle Earth Elementalist on Oct 11, 2018.
             Was a Priest of Vehumet.
             Slain by a spiny frog (9 damage)
             ... on level 1 of the Lair of Beasts.
             The game lasted 00:31:07 (12294 turns).

Americanboy the Geomancer (GrEE)                   Turns: 12294, Time: 00:31:08

Health: -1/62      AC: 17    Str: 13    XL:     11   Next: 32%
Magic:  7/25       EV: 11    Int: 18    God:    Vehumet [***...]
Gold:   594        SH:  0    Dex: 10    Spells: 16/30 levels left

rFire    . . .     SeeInvis +   z - staff of wizardry
rCold    + . .     Gourm    .   (no shield)
rNeg     + . .     Faith    .   D - +2 ring mail of Rosup {*Contam Regen+ rCorr SInv}
rPois    ∞         Spirit   .   (no helmet)
rElec    +         Reflect  .   y - +0 cloak
rCorr    +         Harm     .   (no gloves)
MR       +....                  A - +0 pair of boots
Stlth    ++........             (no amulet)
HPRegen  0.60/turn              o - ring of protection from cold
MPRegen  0.19/turn              w - ring of protection from magic

@: frozen, very slow
A: negative energy resistance 1, electricity resistance, unbreathing,
petrification resistance, rot immunity, AC +8
a: Renounce Religion


You were on level 1 of the Lair of Beasts.
You worshipped Vehumet.
Vehumet was most pleased with you.
You were not hungry.

You visited 2 branches of the dungeon, and saw 10 of its levels.
You also visited: Ossuary.

You collected 594 gold pieces.

Inventory:

Missiles
 b - 20 stones (quivered)
Armour
 x - a +1 robe of fire resistance
 y - a +0 cloak (worn)
 A - a +0 pair of boots (worn)
 D - the +2 ring mail of Rosup (worn) {*Contam Regen+ rCorr SInv}
   (You found it on level 9 of the Dungeon)

   It lets you see invisible.
   It causes magical contamination when unequipped.
   It increases your rate of regeneration.
   It provides partial protection from all sources of acid and corrosion.
Magical Staves
 z - an uncursed staff of wizardry (weapon)
Jewellery
 o - a ring of protection from cold (left hand)
 w - a ring of protection from magic (right hand)
Wands
 c - a wand of iceblast (20)
 i - a wand of enslavement (21)
 q - a wand of polymorph (10)
 t - a wand of clouds (6)
Scrolls
 e - 3 scrolls of teleportation
 j - a scroll of amnesia
 l - 5 scrolls of remove curse
 u - 6 scrolls of magic mapping
 v - 5 scrolls of identify
 C - a scroll of fear
Potions
 a - 2 potions of heal wounds
 f - 2 potions of brilliance
 g - a potion of cancellation
 h - a potion of haste
 k - a potion of mutation
 m - 3 potions of magic
 n - 3 potions of flight
 p - 6 potions of curing
 r - 3 potions of agility
 s - 3 potions of lignification
 B - a potion of might
Comestibles
 d - 16 rations


   Skills:
 * Level 4.5 Fighting
   Level 0.6 Short Blades
   Level 4.2 Maces & Flails
 + Level 0.6(2.7) Staves
 + Level 0.1 Armour
 + Level 3.5 Dodging
 + Level 4.1 Stealth
 + Level 10.0 Spellcasting
 + Level 4.1 Conjurations
   Level 0.7 Transmutations
 * Level 4.4 Fire Magic
 + Level 11.3 Earth Magic


You had 16 spell levels left.
You knew the following spells:

 Your Spells              Type           Power        Failure   Level  Hunger
a - Sandblast             Erth           #####.       1%          1    None
d - Lee's Rapid Deconstr  Erth           #####.....   1%          5    #####..
e - Stone Arrow           Conj/Erth      #####.       1%          3    None
f - Fireball              Conj/Fire      ###.......   10%         5    #####..

Your spell library contained the following spells:

 Spells                   Type           Power        Failure   Level  Hunger
 Iskenderun's Mystic Bla  Conj           ###.....     4%          4    ###....
 Flame Tongue             Conj/Fire      ###..        1%          1    None
 Passwall                 Tmut/Erth      ####....     1%          2    None
 Throw Flame              Conj/Fire      ###...       1%          2    None
 Conjure Flame            Conj/Fire      ###.....     1%          3    None
 Inner Flame              Hex/Fire       ###.....     2%          3    None
 Sticky Flame             Conj/Fire      ###.....     3%          4    ###....
 Petrify                  Tmut/Erth      ####....     6%          4    ###....


Dungeon Overview and Level Annotations

Branches:
Dungeon (9/15)             Temple (0/1) D:4            Lair (1/6) D:9
    Orc: D:9-12

Altars:
Ashenzari
Cheibriados
Fedhas
Hepliaklqana
Makhleb
Qazlal
Ru
Sif Muna
Uskayaw
Vehumet
Wu Jian
Xom
Zin

Annotations:
D:5 exclusion: oklob plant
D:7 2 transporters, Dracia's ghost, novice MiFi


Innate Abilities, Weirdness & Mutations

You are resistant to torment.
Your stone body is resilient. (AC +8)
You are immune to poison.
You resist negative energy. (rN+)
You are resistant to electric shocks. (rElec)
You can survive without breathing.
You are immune to petrification.
You are immune to rotting.


Message History

Aim: a spiny frog (moderately wounded)
The blast of sand hits the spiny frog.
The spiny frog is severely wounded.
b - 21 stones The spiny frog stings you!
Casting: Sandblast (safe; 1% risk of failure)
Confirm with . or Enter, or press ? or * to list all spells.
Aiming: Sandblast (safe; 1% risk of failure)
Press: ? - help, Shift-Dir - straight line, f/p - spiny frog
Aim: a spiny frog (severely wounded)
The blast of sand hits the spiny frog.
The spiny frog is almost dead.
b - 20 stones The ice encasing you melts away.
The rime drake breathes ice at you. The flash freeze hits you!
You partially resist.
* * * LOW HITPOINT WARNING * * *
You are encased in ice.
The spiny frog stings you!
You die...

.........## ....
..............#.
#...#................ #.
#....................
#.###...#................
#$.......................
.....................>...
........F................
........@................
#####...#..............##
......?......#....#####..
.....k.......#....## #.#
............##....P####..
............#.....###...P
......................#.≈
.......^.....#....###.#.#
............##....# #...#


You could see a spiny frog and a rime drake.

Vanquished Creatures
  A two-headed ogre (D:9)
  Maurice (D:7)
  Joseph (D:8)
  A spiny frog (Lair:1)
  2 hornets (D:9)
  2 hippogriffs
  6 yaks (D:9)
  Grum (D:9)
  2 wargs (D:9)
  A soldier ant (D:9)
  3 water moccasins (Lair:1)
  A porcupine (Lair:1)
  4 orc warriors
  3 sky beasts
  8 ogres
  4 ice beasts
  2 phantoms
  3 wolves
  A necrophage (D:9)
  3 centaurs
  2 big kobolds
  5 bullfrogs
  2 scorpions
  A howler monkey (D:4)
  A crimson imp (D:8)
  A centaur zombie (D:8)
  7 hounds
  2 jellies
  6 orc priests
  7 orc wizards
  12 worker ants
  A hound skeleton (D:6)
  8 mummies (Ossuary)
  3 worker ant zombies
  10 adders
  2 shadow imps (D:8)
  2 oozes
  An adder zombie (D:5)
  An adder skeleton (D:4)
  5 worms
  2 dart slugs
  6 leopard geckos
  23 orcs
  3 giant cockroaches
  8 goblins
  7 hobgoblins
  13 jackals
  19 kobolds
  4 quokkas
  2 ball pythons
  10 bats
  6 frilled lizards
  3 hobgoblin zombies (Ossuary)
  A jackal skeleton (D:4)
  3 kobold zombies (Ossuary)
  A leopard gecko skeleton (D:7)
  2 leopard gecko zombies
  2 orc zombies (Ossuary)
  3 quokka skeletons
  10 rats
257 creatures vanquished.

Vanquished Creatures (others)
  16 toadstools (D:5)
16 creatures vanquished.

Grand Total: 273 creatures vanquished

Notes
Turn   | Place    | Note
-------+----------+-------------------------------------------
     0 | D:1      | Americanboy the Gargoyle Earth Elementalist began the quest
                  | for the Orb.
     0 | D:1      | Reached XP level 1. HP: 10/10 MP: 3/3
    88 | D:1      | Reached skill level 4 in Earth Magic
   145 | D:1      | Reached XP level 2. HP: 15/15 MP: 1/5
   407 | D:1      | Reached XP level 3. HP: 14/19 MP: 3/6
   472 | D:1      | Learned a level 3 spell: Stone Arrow
  1233 | D:2      | Reached XP level 4. HP: 11/24 MP: 3/8
  1393 | D:2      | Found a sacrificial altar of Ru.
  1458 | D:2      | Found an ornate altar of the Wu Jian Council.
  1497 | D:2      | You fall through a shaft!
  1497 | D:3      | Found a radiant altar of Vehumet.
  2580 | D:3      | Reached skill level 5 in Earth Magic
  2745 | D:3      | Reached XP level 5. HP: 17/28 MP: 2/9
  2786 | D:3      | HP: 1/28 [something/puff of flame (8)]
  3209 | D:3      | Learned a level 5 spell: Lee's Rapid Deconstruction
  3259 | D:3      | Noticed an ogre
  3269 | D:3      | Killed an ogre
  3269 | D:3      | Reached XP level 6. HP: 18/33 MP: 3/11
  3524 | D:3      | Became a worshipper of Vehumet
  3947 | D:4      | Found a staircase to the Ecumenical Temple.
  3975 | D:4      | Reached skill level 6 in Earth Magic
  4031 | D:4      | Found a sand-covered staircase.
  4096 | Ossuary  | Entered an ossuary
  4118 | Ossuary  | Reached XP level 7. HP: 37/37 MP: 5/13
  4139 | Ossuary  | Reached skill level 1 in Maces & Flails
  4408 | Ossuary  | Reached * piety under Vehumet
  4408 | Ossuary  | Offered knowledge of Magic Dart by Vehumet.
  5135 | D:4      | Reached skill level 5 in Spellcasting
  5135 | D:4      | Reached skill level 7 in Earth Magic
  5357 | D:5      | Entered Level 5 of the Dungeon
  5399 | D:5      | Found a stormy altar of Qazlal.
  5607 | D:5      | Found a blossoming altar of Fedhas.
  5617 | D:5      | Noticed an oklob plant
  5787 | D:5      | Reached skill level 1 in Conjurations
  5787 | D:5      | Reached XP level 8. HP: 42/42 MP: 5/16
  5880 | D:5      | Reached skill level 1 in Fighting
  6351 | D:5      | Found a glowing silver altar of Zin.
  6999 | D:6      | Offered knowledge of Searing Ray by Vehumet.
  7002 | D:6      | Reached skill level 8 in Earth Magic
  7069 | D:6      | Reached ** piety under Vehumet
  7086 | D:6      | Found a shattered altar of Ashenzari.
  7159 | D:6      | Found a burning altar of Makhleb.
  7199 | D:6      | Reached XP level 9. HP: 32/48 MP: 1/18
  8261 | D:7      | Noticed Dracia's ghost (novice MiFi)
  8264 | D:7      | Found a transporter.
  8268 | D:7      | Found a transporter.
  8404 | D:7      | Found a shimmering altar of Xom.
  8405 | D:7      | Found a hazy altar of Hepliaklqana.
  8406 | D:7      | Noticed a spectral ugly thing
  8481 | D:7      | Offered knowledge of Static Discharge by Vehumet.
  8720 | D:7      | Found a hide-covered altar of Uskayaw.
  8726 | D:7      | Found a snail-covered altar of Cheibriados.
  8965 | D:8      | Noticed Maurice
  9004 | D:7      | Killed Maurice
  9004 | D:7      | Reached skill level 9 in Earth Magic
  9057 | D:8      | Reached *** piety under Vehumet
  9057 | D:8      | Reached XP level 10. HP: 53/54 MP: 3/22
  9353 | D:8      | Noticed Joseph
  9362 | D:8      | Killed Joseph
  9362 | D:8      | Reached skill level 10 in Earth Magic
  9575 | D:8      | Learned a level 5 spell: Fireball
  9826 | D:9      | Noticed Grum
  9894 | D:8      | Offered knowledge of Iskenderun's Mystic Blast by Vehumet.
 10239 | D:9      | Found a glowing silver altar of Zin.
 10280 | D:9      | Reached skill level 1 in Fire Magic
 10864 | D:9      | Found a staircase to the Lair.
 10868 | D:9      | Reached skill level 11 in Earth Magic
 10887 | D:9      | Reached XP level 11. HP: 39/60 MP: 8/24
 11227 | D:9      | Got an ichor-stained ring mail
 11242 | D:9      | Identified the +2 ring mail of Rosup {*Contam Regen+ rCorr
                  | SInv} (You found it on level 9 of the Dungeon)
 11351 | D:9      | Noticed a two-headed ogre
 11356 | D:9      | Killed a two-headed ogre
 11710 | D:9      | Found a deep blue altar of Sif Muna.
 11792 | D:9      | Killed Grum
 11869 | Lair:1   | Entered Level 1 of the Lair of Beasts
 11875 | Lair:1   | Reached **** piety under Vehumet
 12022 | Lair:1   | Reached skill level 10 in Spellcasting
 12294 | Lair:1   | Slain by a spiny frog

Skill      XL: |  1  2  3  4  5  6  7  8  9 10 11 |
---------------+----------------------------------+-----
Earth Magic    | 4 5 6 7 8 9 11 | 11.3
Dodging        | 2 3 |  3.5
Spellcasting   | 3 4 5 6 8 9 10 | 10.0
Stealth        | 3 4 |  4.1
Maces & Flails | 1 3 4 |  4.2
Conjurations   | 1 2 3 4 |  4.1
Fighting       | 2 3 4 |  4.5
Fire Magic     | 3 4 |  4.4
Short Blades   | |  0.6
Staves         | |  0.6
Armour         | |  0.1
Transmutations | |  0.7

Action                   |  1- 3 |  4- 6 |  7- 9 | 10-12 || total
-------------------------+-------+-------+-------+-------++-------
Melee: Unarmed           |    25 |       |       |       ||    25
       Dagger            |    27 |    85 |       |       ||   112
       Mace              |       |    29 |   125 |       ||   154
       Staff             |       |       |       |    24 ||    24
 Cast: Sandblast         |    35 |    60 |    87 |    45 ||   227
       Stone Arrow       |     2 |     5 |    66 |    67 ||   140
       Lee's Rapid Decon |       |       |     7 |    25 ||    32
       Fireball          |       |       |       |     5 ||     5
  Use: Scroll            |     2 |     8 |     7 |     3 ||    20
       Potion            |       |     7 |       |     1 ||     8
 Stab: Sleeping          |     2 |     3 |     2 |       ||     7
  Eat: Ration            |     1 |     2 |     2 |     3 ||     8
       Chunk             |       |       |    13 |     8 ||    21
Armor: Robe              |    29 |    39 |    68 |    25 ||   161
       Skin              |       |     1 |       |       ||     1
       Ring mail         |       |       |       |     5 ||     5
Dodge: Dodged            |    35 |    89 |   102 |    83 ||   309
